 Dungeon Crawl Stone Soup version 0.22-a0-135-g6f012ad (webtiles) character file.

82 mortelune the Chiller (level 4, -2/30 HPs)
             Began as a Demonspawn Ice Elementalist on Feb 2, 2018.
             Slain by a necrophage (5 damage)
             ... on level 2 of the Dungeon.
             The game lasted 00:06:53 (2829 turns).

mortelune the Chiller (Demonspawn Ice Elementalist) Turns: 2829, Time: 00:06:53

Health: -2/30      AC:  4    Str:  8    XL:     4   Next: 21%
Magic:  0/8        EV: 12    Int: 17    God:
Gold:   72         SH:  0    Dex: 14    Spells: 5/8 levels left

rFire    . . .     SeeInvis .   j - +0 mace
rCold    . . .     Gourm    .   (no shield)
rNeg     . . .     Faith    .   a - +0 robe
rPois    .         Spirit   +   k - +2 hat
rElec    .         Reflect  .   (no cloak)
rCorr    .         Harm     .   (no gloves)
MR       .....                  (no boots)
Stlth    +++.......             (no amulet)
HPRegen  0.10/turn              (no ring)
MPRegen  0.22/turn              (no ring)

@: drained
A: nightstalker 1, magic shield, magic regeneration
a: no special abilities


You were on level 2 of the Dungeon.
You were not hungry.

You visited 1 branch of the dungeon, and saw 2 of its levels.

You collected 72 gold pieces.

Inventory:

Hand Weapons
 d - a +0 dagger
 f - a +0 short sword
 j - a +0 mace (weapon)
Armour
 a - a +0 robe (worn)
 k - a +2 hat (worn)
Scrolls
 i - 3 scrolls of remove curse {unknown}
 m - a scroll of identify {unknown}
Potions
 e - a potion of haste {unknown}
 g - a potion of ambrosia {unknown}
 l - a potion of might {unknown}
 n - a potion of degeneration {unknown}
Books
 b - a book of Frost

   Spells                             Type                      Level
   a - Freeze                         Ice                          1
   b - Throw Frost                    Conjuration/Ice              2
   c - Ozocubu's Armour               Charms/Ice                   3
   d - Throw Icicle                   Conjuration/Ice              4
   e - Summon Ice Beast               Ice/Summoning                4
Comestibles
 c - 4 rations
 h - a chunk of flesh


   Skills:
 - Level 2.0(1.6) Dodging
 - Level 1.7(1.4) Stealth
 + Level 2.7(2.4) Spellcasting
 + Level 1.8(1.5) Conjurations
 * Level 3.7(3.4) Ice Magic


You had 5 spell levels left.
You knew the following spells:

 Your Spells              Type           Power        Failure   Level  Hunger
a - Freeze                Ice            ##..         4%          1    #......
b - Throw Frost           Conj/Ice       ##....       10%         2    ##.....


Dungeon Overview and Level Annotations

Branches:
Dungeon (2/15)

Altars:
Kikubaaqudgha
Okawaru
Yredelemnul

Annotations:
D:2 2 transporters, 1 runed door, Menkaure


Innate Abilities, Weirdness & Mutations

You are slightly more attuned to the shadows.
When hurt, damage is shared between your health and your magic reserves.
You regenerate magic rapidly.


Message History

There is a fountain of blood here.
The adder skeleton closely misses you. The quokka skeleton bites you.
The shadow imp hits you. The adder skeleton bites you.
The adder skeleton closely misses you.
Menkaure calls on the powers of darkness!
Your body is wracked with pain!
The jackal skeleton bites you.
The jackal skeleton bites you but does no damage.
The wight hits you with an enchanted great sword!
* * * LOW HITPOINT WARNING * * *
You feel drained.
* * * LOW HITPOINT WARNING * * *
The jackal skeleton bites you but does no damage.
The wight misses you. The quokka skeleton closely misses you.
The jackal skeleton bites you but does no damage.
There is a transporter landing site here.
You can't go up here!
You can't go down here!
The shadow imp shouts, "Bolt, thou defiled flap-mouthed measle!"
The jackal skeleton closely misses you. The necrophage hits you!
You die...

#..........#######
#........©.......#
#..#############.#
#..#...........#.#
#..#...........#.#
######..#..##...##..#.#
##.......#..#8...8#..#(# ###
##........#..##.n.##..#.# ##..
#.........#....@©.....#.# #...
#.........#..##ZZz##..#.#####...
##.........#..#8M5Z8#..#.........
...........#..##...##..#.####...#
...........#...........#.# #...#
..#........#.?$_:⌠$_$=©#.# ##.###
...#.......#############.# #..##.
#..#######.......©.).....# #.###.
##......##.....#...####.## #.#...


You could see a necrophage, Menkaure, a wight, a shadow imp, an adder skeleton,
a quokka skeleton and a jackal skeleton.

Vanquished Creatures
  2 adders (D:2)
  A worm (D:2)
  2 dart slugs
  2 leopard geckos
  3 ball pythons (D:2)
  6 bats
  2 giant cockroaches
  5 hobgoblins
  4 jackals (D:1)
  4 kobolds
  2 frilled lizards (D:1)
  13 goblins
  5 rats
51 creatures vanquished.

Notes
Turn   | Place    | Note
-------+----------+-------------------------------------------
     0 | D:1      | mortelune the Demonspawn Ice Elementalist began the quest for the Orb.
     0 | D:1      | Reached XP level 1. HP: 13/13 MP: 3/3
   223 | D:1      | Gained mutation: You are slightly more attuned to the shadows. [demonic ancestry]
   223 | D:1      | Reached XP level 2. HP: 13/19 MP: 0/5
   364 | D:1      | Learned a level 2 spell: Throw Frost
   450 | D:1      | Reached skill level 3 in Ice Magic
  1265 | D:1      | Gained mutation: When hurt, damage is shared between your health and your magic reserves. [demonic ancestry]
  1265 | D:1      | Reached XP level 3. HP: 14/24 MP: 0/6
  1805 | D:2      | Found a transporter.
  1808 | D:2      | Found a basalt altar of Yredelemnul.
  1808 | D:2      | Noticed Menkaure
  1811 | D:2      | Found an ancient bone altar of Kikubaaqudgha.
  1812 | D:2      | Noticed a necrophage
  2212 | D:2      | Gained mutation: You regenerate magic rapidly. [demonic ancestry]
  2212 | D:2      | Reached XP level 4. HP: 30/30 MP: 2/8
  2517 | D:2      | Found an iron altar of Okawaru.
  2660 | D:2      | Found a transporter.
  2698 | D:2      | Found a runed door.
  2829 | D:2      | Slain by a necrophage

Vault maps used:
D:1:      shiori_arrival_elements
D:2:      gammafunk_temple_of_torment, minmay_misc_feat_plants,
          minmay_misc_feat_enclosed, okawaru_ov_weapons_minmay,
          uniq_crazy_yiuf_cottage

Skill      XL: |  1  2 |
---------------+-------+-----
Dodging        | 2 |  2.0
Ice Magic      | 3 |  3.7
Stealth        | |  1.7
Spellcasting   | |  2.7
Conjurations   | |  1.8

Action                   |  1- 3 |  4- 6 || total
-------------------------+-------+-------++-------
Melee: Unarmed           |    12 |       ||    12
       Dagger            |    12 |       ||    12
       Short sword       |     2 |       ||     2
 Cast: Freeze            |    51 |    12 ||    63
       Throw Frost       |    14 |     2 ||    16
 Stab: Sleeping          |     2 |       ||     2
  Eat: Chunk             |     5 |     2 ||     7
Armor: Robe              |    14 |     8 ||    22
Dodge: Dodged            |    55 |    14 ||    69

Table legend:
 A = Spawn XP
 B = Non-spawn XP
 C = Spawn XP percentage of total XP
 D = Spawn monster count
 E = Non-spawn monster count
 F = Spawn count percentage of total count
 G = Total turns spent on level
                    A         B        C        D         E        F      G
               +---------+---------+-------+---------+---------+-------+---------
         Total |       0 |     118 |   0.0 |       0 |      51 |   0.0 |  2829
               +---------+---------+-------+---------+---------+-------+---------
           D:1 |       0 |      39 |   0.0 |       0 |      23 |   0.0 |  1602
           D:2 |       0 |      79 |   0.0 |       0 |      28 |   0.0 |  1227
               +---------+---------+-------+---------+---------+-------+---------
